 Dungeon Crawl Stone Soup version 0.22-a0-553-g9358b0b (webtiles) character file.

29 Amnesiac the Cutter (level 3, 0/19 HPs)
             Began as a Vine Stalker Fighter on June 25, 2018.
             Slain by a quokka (2 damage)
             ... on level 2 of the Dungeon.
             The game lasted 00:00:44 (793 turns).

Amnesiac the Cutter (Vine Stalker Fighter)           Turns: 793, Time: 00:00:45

Health: 0/19       AC:  8    Str: 19    XL:     3   Next: 16%
Magic:  0/4        EV:  7    Int:  8    God:
Gold:   71         SH:  9    Dex: 13    Spells: 2/2 levels left

rFire    . . .     SeeInvis .   a - +0 rapier
rCold    . . .     Gourm    .   c - +0 shield
rNeg     . . .     Faith    .   b - +0 scale mail
rPois    .         Spirit   +   g - +0 helmet
rElec    .         Reflect  .   (no cloak)
rCorr    .         Harm     .   k - +0 pair of gloves
MR       .....                  (no boots)
Stlth    ..........             (no amulet)
HPRegen  0.06/turn              (no ring)
MPRegen  0.09/turn              (no ring)

@: no status effects
A: fangs 2, magic shield, antimagic bite, no potion heal 3, rot immunity
a: no special abilities


You were on level 2 of the Dungeon.
You were not hungry.

You visited 1 branch of the dungeon, and saw 2 of its levels.

You collected 71 gold pieces.

Inventory:

Hand Weapons
 a - a +0 rapier (weapon)
Armour
 b - a +0 scale mail (worn)
 c - a +0 shield (worn)
 g - a +0 helmet (worn)
 k - a +0 pair of gloves (worn)
Scrolls
 e - a scroll of blinking {!r, unknown}
 i - 2 scrolls of magic mapping {!r, unknown}
 j - 2 scrolls of identify {!r, unknown}
Potions
 d - a potion of might {!q}
 l - a potion of curing {!q, unknown}
Comestibles
 f - 5 rations
 h - a chunk of flesh


   Skills:
 - Level 2.6 Fighting
 * Level 2.8 Short Blades
 - Level 2.4 Armour
 + Level 1.0 Dodging
 - Level 2.6 Shields


You had 2 spell levels left.
You didn't know any spells.
Your spell library was empty.

Dungeon Overview and Level Annotations

Branches:
Dungeon (2/15)

Altars:

Annotations:
D:2 Sigmund


Innate Abilities, Weirdness & Mutations

You have extremely sharp teeth.
When hurt, damage is shared between your health and your magic reserves.
Your bite disrupts and absorbs the magic of your enemies.
Potions cannot restore your health.
You are immune to rotting.


Message History

Done exploring.
No target in view!
There is a stone staircase leading down here.
You climb downwards.
Found 2 rations.
There is a stone staircase leading up here.
Found 19 stones.
f - 4 rations (gained 1) No target in view!
f - 5 rations (gained 1)
You found a teleport trap!
No target in view!
Found 12 stones.
No target in view!
Some of the chunks of flesh in your inventory have rotted away.
A rat comes into view.
A rat is nearby!
A rat is nearby!
You hit the rat but do no damage. The rat bites you but does no damage.
A rat is nearby!
You hit the rat.
You kill the rat!
Found a spear.
No target in view!
l - a pink potion {!q} No target in view!
Sigmund the Dreaded comes into view.
He is wielding an enchanted scythe.
Sigmund shouts!
A quokka comes into view.
Sigmund gestures wildly while chanting.
Sigmund flickers and vanishes!
Deactivating autopickup; reactivate with Ctrl-A.
You hear some strange, mumbled words.
A puff of flame appears from out of thin air!
The puff of flame hits you!
A rat comes into view.
Something hits you!
You hit something. You bite something. You drain its magic.
You feel invigorated. You block the quokka's attack. Something hits you.
* * * LOW HITPOINT WARNING * * *
You barely miss something. You block the quokka's attack.
The quokka barely misses you.
You hit something. Something hits you!
* * * LOW HITPOINT WARNING * * *
The quokka bites you but does no damage.
You hit something. The quokka barely misses you.
You hear some strange, mumbled words.
Something tries to affect you, but you resist.
The quokka barely misses you.
You hit something. You bite something. You drain its magic.
You feel invigorated.
You hear some strange, mumbled words.
Something tries to affect you, but you resist.
The quokka bites you.
* * * LOW HITPOINT WARNING * * *
Something hits you but does no damage.
You miss something. The quokka closely misses you.
You block the quokka's attack.
Unknown command.
You hit something.
The quokka bites you but does no damage.
Unknown command.
You closely miss something. You block something's attack. The quokka bites you.
You die...

#. #.# #.# #.## #
##.######## #
.###)........# .#
..#.....####.#####.#####
...#...###.......r......
#.###.## #.#....@{r.###
#.# #.# #.#######..# #.#
#.# # .# #.###.# #
#...#.. ....#.# #...#..
#..## #..#


You could see a quokka and a rat.

Vanquished Creatures
  An ooze (D:1)
  A dart slug (D:1)
  3 giant cockroaches (D:1)
  3 goblins (D:1)
  3 hobgoblins (D:1)
  2 kobolds (D:1)
  4 bats (D:1)
  A frilled lizard (D:1)
  3 rats
21 creatures vanquished.

Notes
Turn   | Place    | Note
-------+----------+-------------------------------------------
     0 | D:1      | Amnesiac the Vine Stalker Fighter began the quest for the Orb.
     0 | D:1      | Reached XP level 1. HP: 11/11 MP: 2/2
    97 | D:1      | Reached XP level 2. HP: 7/16 MP: 0/3
   659 | D:1      | Reached skill level 1 in Dodging
   659 | D:1      | Reached XP level 3. HP: 19/19 MP: 4/4
   781 | D:2      | Noticed Sigmund
   793 | D:2      | Slain by a quokka

Vault maps used:
D:1:      mrwooster_arrival_statue_2
D:2:      lightli_temple_of_fire, first_ration, cheibrodos_gnoll_hut,
          uniq_sigmund

Skill      XL: |  1  2 |
---------------+-------+-----
Short Blades   | 2 |  2.8
Dodging        | 1 |  1.0
Fighting       | |  2.6
Armour         | |  2.4
Shields        | |  2.6

Action                   || total
-------------------------++-------
Melee: Rapier            ||    82
       Bite              ||    11
Armor: Scale mail        ||    44
Dodge: Dodged            ||    18
Block: Shield            ||    43

Table legend:
 A = Spawn XP
 B = Non-spawn XP
 C = Spawn XP percentage of total XP
 D = Spawn monster count
 E = Non-spawn monster count
 F = Spawn count percentage of total count
 G = Total turns spent on level
                    A         B        C        D         E        F      G
               +---------+---------+-------+---------+---------+-------+---------
         Total |       0 |      42 |   0.0 |       0 |      21 |   0.0 |   793
               +---------+---------+-------+---------+---------+-------+---------
           D:1 |       0 |      41 |   0.0 |       0 |      20 |   0.0 |   730
           D:2 |       0 |       1 |   0.0 |       0 |       1 |   0.0 |    63
               +---------+---------+-------+---------+---------+-------+---------
